 Dungeon Crawl Stone Soup version 0.28.0-1-gb440e238dd (webtiles) character file.

Game seed: 477532520833420445

1061 issech the Cudgeller (level 8, -6/70 HPs)
             Began as a Troll Monk on Feb 25, 2022.
             Was a Believer of Hepliaklqana.
             Killed from afar by Dowan (8 damage)
             ... with a puff of flame
             ... on level 5 of the Dungeon.
             The game lasted 00:16:18 (5009 turns).

issech the Cudgeller (Troll Monk)                   Turns: 5009, Time: 00:16:18

Health: -6/70      AC:  4    Str: 20    XL:     8   Next: 6%
Magic:  7/7        EV:  8    Int:  6    God:    Hepliaklqana [**....]
Gold:   331        SH: 10    Dex: 14    Spells: 7/7 levels left

rFire   . . .      SeeInvis .   x - +1 mace (vorpal)
rCold   . . .      Faith    .   A - +0 tower shield
rNeg    . . .      Spirit   .   b - +0 robe
rPois   .          Reflect  .   (helmet restricted)
rElec   .          Harm     .   (no cloak)
rCorr   .          Rampage  .   (gloves unavailable)
Will    .....                   (boots unavailable)
Stlth   ++........              (no amulet)
HPRegen 1.01/turn               (no ring)
MPRegen 0.10/turn               (no ring)

@: lethally poisoned (-6 -> -7)
A: reduced essence, large, unfitting armour, claws 3, regeneration 1, shaggy fur
1, tough skin 1
a: Renounce Religion, Recall Ancestor, Ancestor Identity


You were on level 5 of the Dungeon.
You worshipped Hepliaklqana.
Hepliaklqana was pleased with you.
You visited 2 branches of the dungeon, and saw 6 of its levels.

You collected 331 gold pieces.

Inventory:

Hand Weapons
 a - a +0 mace
 l - a +0 hunting sling
 s - a +0 flail
 w - a +1 dagger of holy wrath
 x - a +1 vorpal mace (weapon)
Missiles
 h - 174 stones (quivered)
 o - 14 poisoned darts
 p - 79 arrows
 u - 19 bolts
 C - 17 sling bullets
Armour
 b - a +0 robe (worn)
 A - a +0 tower shield (worn)
Magical Staves
 y - a staff of earth
Wands
 q - a wand of acid (5)
 v - a wand of paralysis (11)
Scrolls
 i - 4 scrolls of identify {unknown}
 n - a scroll of teleportation {unknown}
 r - a scroll of vulnerability {unknown}
 B - a scroll of noise {unknown}
 D - a scroll of magic mapping {unknown}
Potions
 c - 3 potions of mutation {unknown}
 d - 7 potions of curing {unknown}
 e - a potion of attraction {unknown}
 f - a potion of might {unknown}
 g - a potion of ambrosia {unknown}
 j - 2 potions of magic {unknown}
 k - a potion of heal wounds {unknown}
 m - 2 potions of resistance {unknown}
 t - a potion of haste {unknown}
 z - a potion of flight {unknown}


   Skills:
 + Level 4.2 Fighting
 + Level 6.4 Maces & Flails
 + Level 4.2 Dodging
 + Level 2.2 Stealth
 + Level 0.2 Shields


You had 7 spell levels left.
You didn't know any spells.
Your spell library was empty.

Dungeon Overview and Level Annotations

Branches:
Dungeon (5/15)             Temple (1/1) D:4

Altars:
Ashenzari
Cheibriados
Dithmenos
Fedhas
Gozag
Hepliaklqana
Kikubaaqudgha
Makhleb
Okawaru
Qazlal
Ru
Sif Muna
Trog
Uskayaw
Vehumet
Xom
Yredelemnul
Zin
The Shining One

Shops:
D:5 *

Annotations:
D:5 Dowan, Edmund


Innate Abilities, Weirdness & Mutations

Your life essence is reduced to manifest your ancestor. (-10% HP)
You are too large for most types of armour.
You have claws for hands.
Your natural rate of healing is unusually fast.
You are covered in fur. (AC +1)
You have tough skin. (AC +1)


Message History

You feel very sick.
Audrea closely misses Duvessa.
Duvessa hits you with a +3 short sword of venom!
You are more poisoned.
Dowan gestures at you while chanting. You resist with some effort.
Audrea casts a spell at Duvessa.
The stone arrow hits Duvessa!!
Duvessa dies!
Dowan's eyes darken. "You have made a black mistake."
Dowan seems to find hidden reserves of power!
You have reached level 8!
You hit Dowan but do no damage.
You feel extremely sick. You block Dowan's attack. x2
Audrea points at Dowan and mumbles some strange words.
The stone arrow hits Edmund.
Edmund hits you with a +1 dire flail of protection.
Dowan hits you with a +0 dagger.
You feel very sick.
Audrea casts a spell at Dowan.
The puff of frost hits Edmund.
Dowan casts a spell at you. The shard of ice misses you.
You feel very sick.
Dowan points at you and mumbles some strange words.
The stone arrow hits you!
* * * LOW HITPOINT WARNING * * *
* * * LOW HITPOINT WARNING * * *
You feel sick.
Audrea casts a spell at Dowan.
The stone arrow hits Dowan!
* * * LOW HITPOINT WARNING * * *
You feel sick.
* * * LOW HITPOINT WARNING * * *
You feel sick.
Audrea casts a spell at Dowan.
The stone arrow hits Edmund!
You feel sick.
Dowan zaps a wand.
The puff of flame hits you!
You die...

### ##.## #. ## #.# ##.## #.. ..#
#.## ###.## ##..# #..# #..###..##
##...# #..# #......## #<..# #..#
##....## ##).## #..####.....#
##)†## #...#......## ##..##
#)....e.@..## ##..##
#.R.@.###...####..## ##.####
##........# ####.## ##.......##
######.....# #......[.# ####
...........# ##........###..#
...........## ##...###....##.##
.§§≈≈≈§≈.≈..# ##..####[[...##.##
.≈......§§..####..#####.#<..#.###


You could see the friendly Audrea the battlemage, Edmund and Dowan (fast, ally
target).

Vanquished Creatures
  Sigmund (D:5)
  A water moccasin (D:4)
  A centaur zombie (D:4)
  A gnoll shaman (D:3)
  An iguana (D:5)
  4 gnolls
  5 adders
  An adder skeleton (D:4)
  A worm (D:4)
  3 dart slugs
  4 orcs
  10 ball pythons
  9 bats
  6 endoplasms
  4 giant cockroaches
  4 goblins
  4 hobgoblins
  3 quokkas
  A frilled lizard (D:2)
  6 kobolds
  7 rats
77 creatures vanquished.

Vanquished Creatures (collateral kills)
  Duvessa (D:5)
  A phantom (D:5)
  Blork the orc (D:4)
  2 scorpions
  A bullfrog zombie (D:5)
  2 scorpion zombies
  An iguana (D:4)
  2 orc wizards (D:4)
  A hound zombie (D:5)
  A worm (D:4)
  4 orcs
  A kobold (D:4)
  A ball python (D:4)
19 creatures vanquished.

Vanquished Creatures (others)
  2 battlemagi (D:5)
  9 plants
11 creatures vanquished.

Grand Total: 107 creatures vanquished

Notes
Turn   | Place    | Note
-------+----------+-------------------------------------------
     0 | D:1      | issech the Troll Monk began the quest for the Orb.
     0 | D:1      | Reached XP level 1. HP: 22/22 MP: 0/0
   209 | D:1      | Reached XP level 2. HP: 29/29 MP: 1/1
   291 | D:1      | Reached skill level 3 in Maces & Flails
   901 | D:2      | Reached XP level 3. HP: 15/36 MP: 2/2
  1192 | D:2      | Reached XP level 4. HP: 27/44 MP: 3/3
  2058 | D:3      | Found a shadowy altar of Dithmenos.
  2782 | D:3      | Reached XP level 5. HP: 30/53 MP: 4/4
  2898 | D:4      | Reached skill level 4 in Maces & Flails
  3189 | D:4      | Found a staircase to the Ecumenical Temple.
  3198 | Temple   | Entered the Ecumenical Temple
  3287 | Temple   | Became a worshipper of Hepliaklqana the Forgotten
  3287 | Temple   | Reached * piety under Hepliaklqana
  3287 | Temple   | Reached ** piety under Hepliaklqana
  3288 | Temple   | Remembered your ancestor Audrea as a battlemage
  3435 | D:4      | Reached XP level 6. HP: 38/54 MP: 5/5
  3437 | D:4      | Found a basalt altar of Yredelemnul.
  3478 | D:4      | Found a blossoming altar of Fedhas.
  3486 | D:4      | Noticed Blork the orc
  3495 | D:4      | Killed Blork the orc
  3786 | D:4      | Reached skill level 5 in Maces & Flails
  3888 | D:5      | Entered Level 5 of the Dungeon
  3905 | D:5      | Noticed Sigmund
  3907 | D:5      | Noticed a water moccasin
  3911 | D:5      | Reached XP level 7. HP: 57/61 MP: 6/6
  4017 | D:5      | Killed Sigmund
  4157 | D:5      | Reached skill level 6 in Maces & Flails
  4680 | D:5      | Found Fyddos's General Store.
  4917 | D:5      | Found a radiant altar of Vehumet.
  4998 | D:5      | Noticed Edmund
  4998 | D:5      | Noticed Duvessa
  4998 | D:5      | Noticed Dowan
  5002 | D:5      | Killed Duvessa
  5003 | D:5      | Reached XP level 8. HP: 37/70 MP: 7/7
  5007 | D:5      | HP: 3/70 [poisoned by Duvessa]
  5009 | D:5      | Killed from afar by Dowan

Illustrated notes

Levels and vault maps discovered:
D:1:      wander_arrival_lonely_grave, layout_loops_ring, bh_walls_and_bars
D:2:      kennysheep_six_static_rooms, layout_loops_ring
D:3:      layout_basic, grunt_dithmenos_smoke, guppyfry_early_lair_pool
D:4:      layout_loops_ring, lemuel_zombie_altar_yredelemnul,
          fedhas_ov_isle_minmay, temple_statues, minmay_liquid_box,
          hangedman_decor_riveting, uniq_blork_the_orc
D:5:      layout_layer_cave, mainiacjoe_overflow_cross_hatched, serial_shops,
          shop, corexii_leaking_fountain, uniq_edmund, uniq_duvessa,
          uniq_sigmund
Temple:   regret_index_temple_waves

Skill      XL: |  1  2  3  4  5  6  7 |
---------------+----------------------+-----
Maces & Flails | 3 4 5 6 |  6.4
Dodging        | 3 4 |  4.2
Fighting       | 3 4 |  4.2
Stealth        | 2 |  2.2
Shields        | |  0.2

Action                   |  1- 3 |  4- 6 |  7- 9 || total
-------------------------+-------+-------+-------++-------
Melee: Mace              |   124 |    86 |    44 ||   254
       Flail             |       |    79 |       ||    79
       Punch             |       |     2 |       ||     2
Invok: Ancestor Life: Ba |       |     1 |       ||     1
 Stab: Sleeping          |     4 |     3 |       ||     7
Armor: Robe              |    87 |    54 |     4 ||   145
Dodge: Dodged            |   106 |    94 |    22 ||   222
Block: Tower shield      |       |       |    11 ||    11
